 Dungeon Crawl Stone Soup version 0.30-a0-1114-gd936c97349 (webtiles) character file.

Game seed: 2313613751154336227

937 IdlyInterested the Trooper (level 7, 0/61 HPs)
             Began as a Demonspawn Gladiator on Apr 20, 2023.
             Killed from afar by an acid dragon (10 damage)
             ... with a splash of acid
             ... on level 5 of the Dungeon.
             The game lasted 00:12:38 (3957 turns).

IdlyInterested the Trooper (Demonspawn Gladiator)   Turns: 3957, Time: 00:12:39

Health: 0/61       AC:  5    Str: 16    XL:     7   Next: 87%
Magic:  10/10      EV: 12    Int: 10    God:
Gold:   234        SH:  0    Dex: 14    Spells: 10/10 levels left

rFire   . . .      SeeInvis .    t - +4 spear
rCold   + . .      Faith    .    (no shield)
rNeg    . . .      Spirit   .    z - +3 leather armour {rC+}
rPois   .          Reflect  .    (helmet restricted)
rElec   .          Rampage  .    (no cloak)
rCorr   +                        (no gloves)
Will    .....                    c - +1 pair of boots {Stlth+}
Stlth   +++                      (no amulet)
HPRegen 0.30/turn                C - ring of resist corrosion
MPRegen 0.24/turn                (no ring)

@: corroded
A: horns 1, foul stench 1, magic regeneration, sharp scales 1
a: no special abilities


You were on level 5 of the Dungeon.
You visited 2 branches of the dungeon, and saw 6 of its levels.

You collected 234 gold pieces.

Inventory:

Hand Weapons
 a - a +0 war axe
 h - a +0 quarterstaff
 o - a +0 war axe
 t - a +4 spear (weapon)
 B - a +0 hand axe
Missiles
 d - 3 throwing nets
 e - 7 javelins
 g - 30 stones (quivered)
Armour
 c - a +1 pair of boots of stealth (worn)
 y - a +0 chain mail
 z - a +3 leather armour of cold resistance (worn)
Jewellery
 C - a ring of resist corrosion (left hand)
Wands
 p - a wand of flame (6)
Scrolls
 i - a scroll of fog {unknown}
 k - 3 scrolls of teleportation {unknown}
 l - a scroll of brand weapon {unknown}
 m - 2 scrolls of poison {unknown}
 n - 2 scrolls of magic mapping {unknown}
 r - a scroll of vulnerability {unknown}
 s - 3 scrolls of identify {unknown}
 v - a scroll of fear {unknown}
 w - a scroll of blinking {unknown}
 A - 2 scrolls of enchant armour {unknown}
 D - a scroll of noise {unknown}
Potions
 b - a potion of lignification {unknown}
 f - a potion of degeneration {unknown}
 j - a potion of flight {unknown}
 q - a potion of brilliance {unknown}
 u - 2 potions of curing {unknown}
 x - 2 potions of heal wounds {unknown}


   Skills:
 * Level 7.6 Fighting
 - Level 2.6 Axes
 - Level 1.7 Throwing
 - Level 2.0 Armour
 - Level 2.6 Dodging
 - Level 2.0 Stealth
 - Level 2.0 Shields
 - Level 2.0 Spellcasting
 + Level 1.2 Evocations


You had 10 spell levels left.
You didn't know any spells.
Your spell library contained the following spells:

 Spells                   Type           Power      Damage    Failure   Level
 Cigotuvi's Dreadful Rot  Necr/Pois/Air  2%         N/A       50%         2
 Ignite Poison            Fire/Tmut/Pois 1%         N/A       75%         3
 Ozocubu's Armour         Ice            1%         N/A       75%         3
 Freezing Cloud           Conj/Ice/Air   0%         6-21      100%        5
 Ozocubu's Refrigeration  Ice            0%         4d7       100%        7


Dungeon Overview and Level Annotations

Branches:
Dungeon (5/15)             Temple (1/1) D:4

Altars:
Cheibriados
Dithmenos
Fedhas
Gozag
Hepliaklqana
Kikubaaqudgha
Nemelex Xobeh
Okawaru
Ru
Sif Muna
Trog
Uskayaw
Wu Jian
Yredelemnul

Shops:
D:2 !   D:5 ((?:


Innate Abilities, Weirdness & Mutations

You have a pair of small horns on your head.
You may rarely emit foul miasma when damaged in melee.
You regenerate magic rapidly.
You are partially covered in razor-sharp scales. (AC +1, Slay +1)


Message History

The acid dragon is heavily wounded.
The acid dragon spits acid at you. The splash of acid hits you. You resist.
The acid corrodes you!
You hit the acid dragon but do no damage.
You headbutt the acid dragon, but do no damage.
The acid dragon is heavily wounded.
The acid dragon bites you. The acid dragon claws you.
* * * LOW HITPOINT WARNING * * *
Okay, then.
You barely miss the acid dragon.
The acid dragon is heavily wounded.
The acid dragon closely misses you.
The acid dragon claws you but does no damage.
You barely miss the acid dragon.
You headbutt the acid dragon, but do no damage.
You punch the acid dragon.
The acid dragon is heavily wounded.
The orc wizard gestures wildly while chanting.
The orc wizard flickers and vanishes!
Deactivating autopickup; reactivate with Ctrl-A.
The acid dragon barely misses you. The acid dragon completely misses you.
You hit the acid dragon.
The acid dragon is heavily wounded.
The acid dragon bites you.
* * * LOW HITPOINT WARNING * * *
The acid dragon claws you.
* * * LOW HITPOINT WARNING * * *
You hit the acid dragon.
You headbutt the acid dragon, but do no damage.
The acid dragon is severely wounded.
The acid dragon bites you.
* * * LOW HITPOINT WARNING * * *
You emit a cloud of foul miasma!
The acid dragon barely misses you.
You hit the acid dragon.
The acid dragon is severely wounded.
The acid dragon is engulfed in dark miasma.
The acid dragon is poisoned.
The acid dragon spits acid at you. The splash of acid hits you! You resist.
You die...

..⌠.... ..... .....
...# ...# # #oo##~~##
#o{.~≈... #D# .## #@#
... #.# .. ... #.# #.
#.# #.# #.# #.#
####.# #.# #.# #....#
#.# #.##
#.##.#####.#######.#.
#.......##...........
#.#####............#.


You could see an acid dragon (poisoned, catching breath) and 3 orcs.

Vanquished Creatures
  Sigmund (D:3)
  Eustachio (D:4)
  An ice beast (D:5)
  A black bear (D:5)
  A scorpion (D:5)
  2 orc priests (D:5)
  2 iguanas
  Natasha (thrice) (D:3)
  Robin (D:3)
  8 adders
  2 shadow imps (D:5)
  A white imp (D:5)
  An ufetubus (D:5)
  6 dart slugs
  6 orcs
  3 bats
  8 endoplasms
  3 giant cockroaches
  13 hobgoblins
  6 jackals
  7 kobolds
  3 quokkas
  11 ball pythons
  3 frilled lizards
  13 goblins
  2 rats (D:2)
109 creatures vanquished.

Notes
Turn   | Place    | Note
-------+----------+-------------------------------------------
     0 | D:1      | IdlyInterested the Demonspawn Gladiator began the quest for
                  | the Orb.
     0 | D:1      | Reached XP level 1. HP: 16/16 MP: 1/1
    43 | D:1      | Reached skill level 1 in Armour
    91 | D:1      | Gained mutation: You are partially covered in razor-sharp
                  | scales. (AC +1, Slay +1) [demonic ancestry]
    91 | D:1      | Reached XP level 2. HP: 23/23 MP: 2/2
   372 | D:1      | Reached skill level 1 in Stealth
   462 | D:1      | Gained mutation: You have a pair of small horns on your
                  | head. [demonic ancestry]
   462 | D:1      | Reached XP level 3. HP: 27/28 MP: 3/3
   624 | D:1      | Reached skill level 1 in Evocations
   888 | D:2      | Found Cucsi's Distillery.
   921 | D:2      | Reached skill level 1 in Shields
   947 | D:2      | Reached skill level 3 in Fighting
  1134 | D:2      | Found a sparkling altar of Nemelex Xobeh.
  1164 | D:2      | Reached XP level 4. HP: 35/35 MP: 4/4
  1591 | D:3      | Noticed Sigmund
  1600 | D:3      | Killed Sigmund
  1601 | D:3      | Reached skill level 5 in Fighting
  1601 | D:3      | Gained mutation: You may rarely emit foul miasma when
                  | damaged in melee. [demonic ancestry]
  1601 | D:3      | Reached XP level 5. HP: 34/44 MP: 5/5
  1804 | D:3      | Noticed Robin
  1819 | D:3      | Reached XP level 6. HP: 46/51 MP: 6/6
  1828 | D:3      | Killed Robin
  1908 | D:3      | Noticed Natasha
  1917 | D:3      | Killed Natasha
  2155 | D:3      | Noticed Natasha
  2163 | D:3      | Killed Natasha
  2744 | D:3      | Noticed Natasha
  2753 | D:3      | Killed Natasha
  2780 | D:4      | Noticed Eustachio
  2832 | D:4      | Killed Eustachio
  2833 | D:4      | Reached skill level 6 in Fighting
  2833 | D:4      | Gained mutation: You regenerate magic rapidly. [demonic
                  | ancestry]
  2833 | D:4      | Reached XP level 7. HP: 52/59 MP: 7/7
  2957 | D:4      | Found a shadowy altar of Dithmenos.
  2978 | D:4      | Found a staircase to the Ecumenical Temple.
  3050 | Temple   | Entered the Ecumenical Temple
  3526 | D:4      | Found a sacrificial altar of Ru.
  3592 | D:5      | Entered Level 5 of the Dungeon
  3629 | D:5      | Found Wicienk's Antique Weapon Boutique.
  3629 | D:5      | Found Ygudex's Weapon Shop.
  3699 | D:5      | Found Rierphicu's Book Shoppe.
  3700 | D:5      | Found Fatuir's Magic Scroll Boutique.
  3745 | D:5      | Reached skill level 7 in Fighting
  3745 | D:5      | Reached skill level 1 in Spellcasting
  3957 | D:5      | Killed from afar by an acid dragon

Illustrated notes

Levels and vault maps discovered:
D:1:      minmay_arrival_glassed_features, layout_basic, minmay_close_crescents
D:2:      layout_rooms, basic_altar, serial_shops, nicolae_shop_tiny_waterfront
D:3:      layout_basic, uniq_sigmund, uniq_natasha, uniq_robin
D:4:      layout_rooms, nicolae_ru_the_path_less_chosen, kennysheep_mini,
          minmay_temple_entry_overgrown, uniq_eustachio
D:5:      layout_loops_ring, solitary_fountain, minmay_misc_feat_rows,
          chequers_serial_rivers_small_a, nicolae_wooded_promenade,
          uniq_menkaure
Temple:   dpeg_chambers_temple

Skill      XL: |  1  2  3  4  5  6  7 |
---------------+----------------------+-----
Armour         | 1 2 |  2.0
Stealth        | 1 2 |  2.0
Evocations     | 1 |  1.2
Shields        | 1 2 |  2.0
Fighting       | 3 5 6 7 |  7.6
Spellcasting   | 2 |  2.0
Axes           | |  2.6
Throwing       | |  1.7
Dodging        | |  2.6

Action                     |  1- 3 |  4- 6 |  7- 9 || total
---------------------------+-------+-------+-------++-------
  Melee: War axe           |    74 |    44 |       ||   118
         Punch             |     1 |       |     4 ||     5
         Headbutt          |     6 |    18 |    22 ||    46
         Spear             |       |    86 |    81 ||   167
   Stab: Sleeping          |     6 |     6 |     3 ||    15
 Armour: Leather armour    |    30 |    11 |    25 ||    66
         Chain mail        |       |    71 |       ||    71
  Dodge: Dodged            |    51 |    74 |    50 ||   175

Table legend: (Time is in decaauts)
 A = Elapsed time spent in this place.
 B = Non-inter-level travel time spent in this place.
 C = Inter-level travel time spent in this place.
 D = Time resting spent in this place.
 E = Time spent auto-exploring this place.
 F = Levels seen in this place.
 G = Mean time per level.
                   A        B        C        D        E       F      G
               +--------+--------+--------+--------+--------+-----+--------+
         Total |   4005 |   3252 |    753 |     83 |   2117 |   6 |  667.5 |
       Dungeon |   3762 |   3031 |    731 |     83 |   1932 |   5 |  752.4 |
        Temple |    242 |    220 |     22 |      0 |    185 |   1 |  242.0 |
               +--------+--------+--------+--------+--------+-----+--------+

Top non-repeatable levels by time:
     D:3: 1225 daAuts
     D:1: 989 daAuts
     D:4: 613 daAuts
     D:2: 601 daAuts
     D:5: 333 daAuts
  Temple: 242 daAuts
